 Dungeon Crawl Stone Soup version 0.29.1-12-g30fa7ad0bf (webtiles) character file.

Game seed: 8796807940673748323

11 ThatPearl the Trooper (level 2, -2/36 HPs)
             Began as a Demonspawn Berserker on Jan 12, 2023.
             Was a Follower of Trog.
             Slain by a hobgoblin (4 damage)
             ... on level 1 of the Dungeon.
             The game lasted 00:00:35 (162 turns).

ThatPearl the Trooper (Demonspawn Berserker)         Turns: 162, Time: 00:00:36

Health: -2/36      AC:  2    Str: 17    XL:     2   Next: 13%
Magic:  2/2        EV: 12    Int:  8    God:    Trog [*.....]
Gold:   26         SH:  0    Dex: 12    Spells: 1/1 levels left

rFire   . . .      SeeInvis .   a - +0 hand axe
rCold   . . .      Faith    .   (no shield)
rNeg    . . .      Spirit   .   b - +0 animal skin
rPois   .          Reflect  .   (no helmet)
rElec   .          Harm     .   (no cloak)
rCorr   .          Rampage  .   (no gloves)
Will    .....                   (no boots)
Stlth   ..........              (no amulet)
HPRegen 0.12/turn               (no ring)
MPRegen 0.08/turn               (no ring)

@: berserking (expiring), very quick
A: ignite blood 1
a: Renounce Religion, Berserk


You were on level 1 of the Dungeon.
You worshipped Trog.
Trog was aware of your devotion.
You visited 1 branch of the dungeon, and saw 1 of its levels.

You collected 26 gold pieces.

Inventory:

Hand Weapons
 a - a +0 hand axe (weapon)
Armour
 b - a +0 animal skin (worn)
Jewellery
 e - a ring of positive energy
Scrolls
 d - a scroll of butterflies {unknown}
Potions
 c - a potion of flight {unknown}


   Skills:
 + Level 3.3 Fighting
 + Level 3.0 Axes
 - Level 1.7 Armour
 - Level 1.7 Dodging


You had one spell level left.
You didn't know any spells.
Your spell library was empty.

Dungeon Overview and Level Annotations

Branches:
Dungeon (1/15)

Altars:


Innate Abilities, Weirdness & Mutations

Your demonic aura sometimes causes spilled blood to erupt in flames.


Message History

Trog accepts your kill.
You barely miss the bat. You hit the kobold. The kobold barely misses you.
The bat hits you but does no damage.
You closely miss the kobold.
The kobold is heavily wounded.
You barely miss the bat. You hit the goblin.
You kill the goblin!
Trog accepts your kill. The bat barely misses you.
The kobold hits you with a +0 whip.
* * * LOW HITPOINT WARNING * * *
You slash the kobold!
You kill the kobold!
Trog accepts your kill.
You closely miss the goblin. You closely miss the bat.
The bat closely misses you.
Your Axes skill increases to level 3!
You have reached level 2!
Your demonic ancestry asserts itself...
Your blood heats up.
You closely miss the goblin. You slash the quokka!
You kill the quokka!
Trog accepts your kill. The bat barely misses you.
The goblin closely misses you.
Unknown command.
You closely miss the goblin. You miss the bat. The bat misses you.
The goblin misses you.
Unknown command.
You hit the goblin.
You kill the goblin!
Trog accepts your kill. The bat barely misses you.
You hit the bat.
The bat is heavily wounded.
The bat misses you. The hobgoblin misses you. The bat closely misses you.
Things that are here:
a +0 whip; a quokka corpse; a kobold corpse You closely miss the hobgoblin.
You barely miss the bat. The bat hits you but does no damage.
The hobgoblin hits you.
You die...

### ####### #.. # ..
#.....# #.# #. .).
#.....# #.# .# #..
#.....# #.# .##.#
#.....###.###...#
#####.........##°...##.#
....'.........'.).....#
.####.........##@.b...#
.# ############.g....#
.#### #....##.# ....#
.....# . ....# ...##.#
...)# #...# #..
######### #.##. ..#
......... .. # ..
#########


You could see a hobgoblin and a bat.

Vanquished Creatures
  A ball python (D:1)
  2 goblins (D:1)
  A hobgoblin (D:1)
  2 kobolds (D:1)
  2 quokkas (D:1)
8 creatures vanquished.

Notes
Turn   | Place    | Note
-------+----------+-------------------------------------------
     0 | D:1      | ThatPearl the Demonspawn Berserker began the quest for the
                  | Orb.
     0 | D:1      | Reached XP level 1. HP: 18/18 MP: 1/1
   155 | D:1      | HP: 1/27 [kobold/+0 whip (5)]
   157 | D:1      | Gained mutation: Your demonic aura sometimes causes spilled
                  | blood to erupt in flames. [demonic ancestry]
   157 | D:1      | Reached XP level 2. HP: 2/24 MP: 2/2
   162 | D:1      | Slain by a hobgoblin

Illustrated notes

Levels and vault maps discovered:
D:1:      ncdulo_halloftheorcs, layout_basic, minmay_vboxes

Skill      XL: |  1 |
---------------+----+-----
Axes           | 3 |  3.0
Fighting       | |  3.3
Armour         | |  1.7
Dodging        | |  1.7

Action                   || total
-------------------------++-------
Melee: Hand axe          ||    18
Invok: Berserk           ||     1
Armor: Animal skin       ||     5
Dodge: Dodged            ||    27
